 Dungeon Crawl Stone Soup version 0.30-a0-722-g3e6e8c874d (webtiles) character file.

Game seed: 9033954777105158294

1822 Dittersdorf the Trooper (level 9, -1/57 HPs)
             Began as a Gargoyle Fighter on Jan 27, 2023.
             Was a Follower of Okawaru.
             Killed from afar by a gargoyle (20 damage)
             ... with a stone arrow
             ... on level 7 of the Dungeon.
             The game lasted 00:06:32 (4719 turns).

Dittersdorf the Trooper (Gargoyle Fighter)          Turns: 4719, Time: 00:06:33

Health: -1/57      AC: 19    Str: 24    XL:     9   Next: 10%
Magic:  9/9        EV: 12    Int:  9    God:    Okawaru [*.....]
Gold:   787        SH:  9    Dex:  9    Spells: 8/8 levels left

rFire   + . .      SeeInvis .    a - +0 flail (elec)
rCold   . . .      Faith    .    A - +0 kite shield
rNeg    + . .      Spirit   .    l - +0 chain mail
rPois   ∞          Reflect  .    (no helmet)
rElec   +          Harm     .    n - +0 cloak
rCorr   .          Rampage  .    (no gloves)
Will    .....                    y - +0 pair of boots Stlth
                                 o - amulet of regeneration
HPRegen 1.09/turn                g - ring of protection from fire
MPRegen 0.11/turn                t - +5 ring of evasion

@: no status effects
A: sickness immunity, AC +6, negative energy resistance 1, electricity
resistance, torment resistance 1, petrification resistance
a: Renounce Religion, Heroism


You were on level 7 of the Dungeon.
You worshipped Okawaru.
Okawaru was aware of your devotion.
You visited 2 branches of the dungeon, and saw 8 of its levels.

You collected 837 gold pieces.
You spent 50 gold pieces at shops.

Inventory:

Hand Weapons
 a - a +0 flail of electrocution (weapon)
Missiles
 f - 7 poisoned darts (quivered)
 k - a throwing net
Armour
 l - a +0 chain mail (worn)
 n - a +0 cloak (worn)
 q - a +0 plate armour
 y - a +0 pair of boots (worn)
 A - a +0 kite shield (worn)
Jewellery
 g - a ring of protection from fire (left hand)
 o - an amulet of regeneration (around neck)
 t - a +5 ring of evasion (right hand)
Scrolls
 c - a scroll of enchant weapon {unknown}
 h - a scroll of blinking
 i - 3 scrolls of teleportation
 s - a scroll of poison
 v - a scroll of brand weapon
 w - a scroll of fog {unknown}
 x - a scroll of enchant armour {unknown}
 z - a scroll of identify
Potions
 b - a potion of flight
 d - 3 potions of might
 e - 3 potions of heal wounds
 j - 2 potions of brilliance
 m - a potion of mutation {unknown}
 p - 2 potions of curing
 r - a potion of haste
 u - 2 potions of attraction {unknown}


   Skills:
 + Level 7.1 Fighting
 + Level 6.1 Maces & Flails
 + Level 7.1 Armour
 + Level 7.0 Shields


You had 8 spell levels left.
You didn't know any spells.
Your spell library contained the following spells:

 Spells                   Type           Power      Damage    Failure   Level
 Blink                    Tloc           0%         N/A       100%        2
 Lesser Beckoning         Tloc           0%         N/A       100%        2
 Momentum Strike          Conj/Tloc      0%         3d8       100%        2
 Scorch                   Fire           0%         2d5       100%        2
 Flame Wave               Conj/Fire      0%         2d4       100%        4
 Summon Cactus Giant      Summ           Unusable   N/A       N/A         6

Dungeon Overview and Level Annotations

Branches:
Dungeon (7/15)             Temple (1/1) D:6

Altars:
Ashenzari
Cheibriados
Dithmenos
Elyvilon
Fedhas
Gozag
Kikubaaqudgha
Makhleb
Okawaru
Qazlal
Ru
Sif Muna
Trog
Uskayaw
Vehumet
Wu Jian
Xom
Yredelemnul
The Shining One

Shops:
D:2 !

Annotations:
D:6 2 transporters, ASSMAN's ghost, novice KoBr


Innate Abilities, Weirdness & Mutations

You are immune to sickness and miasma.
Your stone body is resilient. (AC +6)
You are immune to poison.
You resist negative energy. (rN+)
You are resistant to electric shocks. (rElec)
You are resistant to unholy torment.
You are immune to petrification.


Message History

You hit the gargoyle.
The gargoyle is moderately damaged.
The gargoyle hurls a stone arrow at you.
The stone arrow hits you.
The gargoyle hurls a stone arrow at you.
The stone arrow hits you.
You sock the gargoyle!
The gargoyle is heavily damaged.
The gargoyle hurls a stone arrow at you.
The stone arrow hits you!
You hit the gargoyle.
The gargoyle is severely damaged.
The gargoyle barely misses you.
You hit the gargoyle but do no damage.
The gargoyle is severely damaged.
The gargoyle hurls a stone arrow at you.
The stone arrow hits you!
You are too injured to fight recklessly!
You are too injured to fight recklessly!
You are too injured to fight recklessly!
You are too injured to fight recklessly!
You are too injured to fight recklessly!
You are too injured to fight recklessly!
You are too injured to fight recklessly!
You are too injured to fight recklessly!
You are too injured to fight recklessly!
You are too injured to fight recklessly!
You are too injured to fight recklessly!
You are too injured to fight recklessly!
You are too injured to fight recklessly!
You are too injured to fight recklessly!
You are too injured to fight recklessly!
You are too injured to fight recklessly!
You are too injured to fight recklessly!
You are too injured to fight recklessly!
You barely miss the gargoyle.
The gargoyle is severely damaged.
The gargoyle hurls a stone arrow at you.
The stone arrow hits you!!
You die...

#.########
#..9@..†## #
########.# ##
.. #......###..
...##..#####..#
....###.###..##
#............
###.....#####
###..##
#.######


You could see a gargoyle.

Vanquished Creatures
  Eustachio (D:5)
  A steam dragon (D:6)
  2 ice beasts
  A sky beast (D:6)
  2 ogres (D:5)
  A phantom (D:4)
  Blork the orc (D:5)
  6 scorpions
  A killer bee (D:7)
  2 howler monkeys
  4 orc priests
  5 hounds
  Terence (D:3)
  2 orc wizards (D:6)
  An iguana (D:5)
  5 gnolls
  2 adders
  A white imp (D:7)
  2 worms (D:2)
  5 dart slugs (D:1)
  6 orcs
  8 endoplasms
  A giant cockroach (D:1)
  2 goblins
  10 hobgoblins
  5 quokkas
  7 ball pythons
  3 bats
  3 frilled lizards
  7 kobolds
  3 rats
101 creatures vanquished.

Vanquished Creatures (others)
  3 fungi (D:4)
3 creatures vanquished.

Grand Total: 104 creatures vanquished

Notes
Turn   | Place    | Note
-------+----------+-------------------------------------------
     0 | D:1      | Dittersdorf the Gargoyle Fighter began the quest for the
                  | Orb.
     0 | D:1      | Reached XP level 1. HP: 14/14 MP: 1/1
    58 | D:1      | Reached XP level 2. HP: 19/19 MP: 2/2
   180 | D:1      | Reached XP level 3. HP: 19/23 MP: 3/3
   861 | D:1      | Reached XP level 4. HP: 25/29 MP: 4/4
   967 | D:2      | Found Ziriqig's Distillery.
   975 | D:2      | Bought a potion of heal wounds for 50 gold pieces
  1878 | D:3      | Found a sacrificial altar of Ru.
  1905 | D:3      | Found a stormy altar of Qazlal.
  1909 | D:3      | Noticed Terence
  1933 | D:3      | Killed Terence
  2014 | D:3      | Found an ornate altar of the Wu Jian Council.
  2113 | D:3      | Reached XP level 5. HP: 16/33 MP: 5/5
  2309 | D:4      | Noticed a phantom
  2348 | D:4      | Reached XP level 6. HP: 38/39 MP: 6/6
  2444 | D:4      | Found an ancient bone altar of Kikubaaqudgha.
  2863 | D:4      | Reached skill level 5 in Fighting
  2863 | D:4      | Reached skill level 5 in Armour
  2863 | D:4      | Reached skill level 5 in Shields
  3067 | D:4      | Reached XP level 7. HP: 44/44 MP: 7/7
  3247 | D:5      | Entered Level 5 of the Dungeon
  3260 | D:5      | Noticed Blork the orc
  3270 | D:5      | Killed Blork the orc
  3413 | D:5      | Reached XP level 8. HP: 47/51 MP: 8/8
  3460 | D:5      | Reached skill level 5 in Maces & Flails
  3469 | D:5      | Found a burning altar of Makhleb.
  3808 | D:6      | Found a staircase to the Ecumenical Temple.
  3809 | D:6      | Identified a scroll of acquirement
  3809 | D:6      | Acquired 521 gold pieces
  3817 | Temple   | Entered the Ecumenical Temple
  3868 | Temple   | Became a worshipper of Warmaster Okawaru
  3916 | D:6      | Noticed Eustachio
  4097 | D:5      | Killed Eustachio
  4261 | D:6      | Noticed a hornet
  4321 | D:6      | Noticed ASSMAN's ghost (novice KoBr)
  4360 | D:6      | Found a transporter.
  4374 | D:6      | Found a transporter.
  4383 | D:6      | Reached * piety under Okawaru
  4508 | D:6      | Found a blossoming altar of Fedhas.
  4508 | D:6      | Found an opulent altar of Gozag.
  4509 | D:6      | Found a shimmering altar of Xom.
  4541 | D:6      | Reached XP level 9. HP: 57/57 MP: 9/9
  4705 | D:7      | Noticed a gargoyle
  4719 | D:7      | Killed from afar by a gargoyle

Illustrated notes

Levels and vault maps discovered:
D:1:      dpeg_arrival_long_road, layout_basic
D:2:      layout_basic, serial_shops, nicolae_diamond_shop
D:3:      layout_rooms, amcnicky_altar_gilded, grunt_qazlal_clouds,
          mainiacjoe_overflow_tiny_flanked, cheibrodos_gnoll_hut, uniq_terence
D:4:      layout_loops_corners, nicolae_kikubaaqudgha_miasma_corner,
          serial_aquarium, aquarium_bridge_straight [aquarium_subvault_bridge,
          aquarium_subvault_wall, aquarium_subvault_bridge,
          aquarium_subvault_window], aquarium_window_fake, aquarium_window_2,
          aquarium_view_2d, aquarium_view_2b, aquarium_balcony_3a, minmay_cupped
D:5:      layout_cave_pools, kennysheep_mini, st_stairs_7, uniq_blork_the_orc
D:6:      layout_rooms, nicolae_overflow_hidden_temple,
          minmay_temple_entry_drinking_statues, gammafunk_ghost_hive,
          amcnicky_mini_rare_corridor_liquid, uniq_eustachio
D:7:      minmay_the_grid_octo_tiled_squarecenter
          [minmay_the_grid_octo_pinwheel, minmay_the_grid_octo_fat_diamond,
          minmay_the_grid_octo_77, minmay_the_grid_octo_toaster,
          minmay_the_grid_square_5x5_megaprize_open,
          minmay_the_grid_square_5x5_minimal, minmay_the_grid_square_5x5_fat_x,
          minmay_the_grid_square_5x5_moneybag,
          minmay_the_grid_square_5x5_two_walls_b], layout_loops_cross,
          nicolae_hepliaklqana_hippocampus, minmay_misc_feat_encased,
          minivault_4, chequers_serial_rivers_micro_d, centaur_isle
Temple:   hellmonk_temple_of_storms

Skill      XL: |  1  2  3  4  5  6  7  8  9 |
---------------+----------------------------+-----
Fighting       | 4 5 7 |  7.1
Armour         | 4 5 6 7 |  7.1
Maces & Flails | 3 4 5 6 |  6.1
Shields        | 4 5 6 7 |  7.0

Action                     |  1- 3 |  4- 6 |  7- 9 || total
---------------------------+-------+-------+-------++-------
  Melee: Flail             |   102 |   172 |   217 ||   491
    Use: Scroll            |       |     8 |     6 ||    14
 Armour: Scale mail        |    42 |     5 |       ||    47
         Chain mail        |       |   115 |   156 ||   271
  Dodge: Dodged            |    38 |    98 |   203 ||   339
  Block: Buckler           |    37 |    40 |    79 ||   156
         Kite shield       |       |       |     6 ||     6

Table legend: (Time is in decaauts)
 A = Elapsed time spent in this place.
 B = Non-inter-level travel time spent in this place.
 C = Inter-level travel time spent in this place.
 D = Time resting spent in this place.
 E = Time spent auto-exploring this place.
 F = Levels seen in this place.
 G = Mean time per level.
                   A        B        C        D        E       F      G
               +--------+--------+--------+--------+--------+-----+--------+
         Total |   4846 |   4607 |    239 |    340 |   3120 |   8 |  605.8 |
       Dungeon |   4774 |   4571 |    203 |    340 |   3096 |   7 |  682.0 |
        Temple |     71 |     35 |     36 |      0 |     24 |   1 |   71.0 |
               +--------+--------+--------+--------+--------+-----+--------+

Top non-repeatable levels by time:
     D:4: 967 daAuts
     D:1: 907 daAuts
     D:2: 843 daAuts
     D:5: 733 daAuts
     D:3: 609 daAuts
     D:6: 569 daAuts
     D:7: 143 daAuts
  Temple: 71 daAuts
